Map: Terrassen von Prion

Players

ANNOR - Winner!

  • Race: Terran Terran
  • League: Platinum

Nonshlen

  • Race: Protoss Protoss
  • League: Gold

VOD

Have the link to the VOD?

Description

Time

  • Played on: March 16, 2016, 12:19 p.m.
  • Length: 10:02
Show
View Real Time Build Order
Export as new Build Order

ANNOR Terran - Winner!

Build Orders: MMM Bio 

Get SALT Encoding   

  12  0:01  SCV  
  13  0:13  SCV  
  14  0:18  Supply Depot  
  14  0:25  SCV  
  15  0:39  SCV  
  15  0:40  Barracks  
  16  0:45  Refinery  
  16  0:51  SCV  
  17  1:03  SCV  
  18  1:15  SCV  
  20  1:32  Reaper  
  20  1:37  Command Center  
  20  1:38  SCV  
  21  1:51  Orbital Command  
  21  2:04  Supply Depot  
  21  2:05  Reaper  
  22  2:17  Refinery, SCV  
  23  2:28  Factory  
  23  2:48  SCV  
  23  2:50  Orbital Command  
  24  3:11  SCV  
  24  3:12  Marine  
  26  3:24  SCV x2  
  27  3:29  Widow Mine  
  27  3:30  Factory, Marine  
  29  3:36  SCV x2  
  29  3:37  Barracks  
  31  3:42  Starport  
  31  3:48  SCV x2  
  31  3:50  Bunker  
  31  3:51  Marine  
  34  4:00  SCV  
  34  4:01  SCV  
  36  4:09  Marine  
  37  4:12  SCV  
  37  4:14  Widow Mine  
  37  4:15  SCV  
  37  4:16  Barracks  
  41  4:17  Supply Depot  
  41  4:21  Barracks  
  41  4:24  SCV  
  41  4:26  Refinery  
  41  4:27  Marine, Refinery  
  41  4:30  Medivac  
  45  4:37  SCV  
  46  4:39  SCV  
  46  4:42  Supply Depot  
  46  4:43  Supply Depot  
  46  4:44  Barracks Tech Lab  
  47  4:46  Barracks Tech Lab  
  47  4:48  Widow Mine  
  47  4:52  SCV  
  50  4:58  SCV  
  51  5:03  Barracks Reactor  
  51  5:07  Starport Reactor  
  51  5:08  Marauder  
  51  5:09  Command Center  
  51  5:13  Marine  
  54  5:15  Marauder  
  54  5:16  Stimpack, Combat Shields  
  54  5:18  SCV  
  57  5:23  SCV  
  58  5:29  Marine  
  58  5:30  SCV  
  58  5:31  Marine, Widow Mine  
  63  5:39  Marine x2  
  65  5:43  Supply Depot  
  65  5:44  Supply Depot  
  63  5:52  Marine x2  
  63  5:53  Marauder  
  67  5:58  Marine x2  
  69  6:09  Engineering Bay  
  69  6:11  Marauder  
  71  6:14  Marauder  
  73  6:20  SCV x2  
  73  6:21  Medivac x2  
  79  6:34  Orbital Command  
  79  6:35  Marine x3  
  79  6:36  Marauder  
  84  6:41  Missile Turret  
  84  6:44  Terran Infantry Weapons Level 1  
  84  6:46  Supply Depot  
  84  6:48  Supply Depot  
  84  6:52  Starport  
  84  6:53  Marine x2  
  86  6:58  Barracks  
  86  7:00  Barracks  
  86  7:08  Marine x3  
  87  7:10  Marine, Medivac x2  
  87  7:21  Marine  
  88  7:26  Marine  
  88  7:27  Marauder  
  88  7:29  Marauder  
  87  7:35  Marine  
  83  7:37  Widow Mine  
  83  7:38  Marine  
  83  7:44  Marine  
  85  7:48  Marauder  
  85  7:50  Marauder  
  88  7:52  Orbital Command  
  88  7:53  Marine  
  88  7:56  Marine  
  87  8:01  Marine  
  88  8:09  Marine  
  88  8:11  Marine x2  
  91  8:14  Marine  
  91  8:19  Marine  
  81  8:27  Marine, Widow Mine  
  81  8:28  Marine, Medivac x2  
  81  8:29  Marine  
  81  8:32  Marine  
  88  8:37  Marine  
  89  8:45  Marine, SCV  
  89  8:46  Marine, SCV  
  89  8:47  Marine  
  93  8:50  Marine  
  93  8:51  Supply Depot  
  93  8:52  SCV  
  93  8:53  Supply Depot  
  93  8:55  Marine  
  96  8:56  Barracks  
  96  8:58  Barracks Tech Lab, Barracks Reactor  
  96  9:00  Starport Reactor  
  93  9:03  Marauder  
  93  9:04  Marine x2  
  95  9:12  Marine  
  95  9:13  Marine  
  97  9:18  Marine  
  97  9:20  Widow Mine  
  97  9:22  Viking  
  105  9:24  Marine x2  
  105  9:25  Marine  
  105  9:28  SCV  
  105  9:30  Marine x2  
  111  9:34  Marine, Refinery  
  111  9:36  Refinery  
  111  9:37  Marauder  
  114  9:42  Marine, Bunker  
Show
View Real Time Build Order
Export as new Build Order

Nonshlen Protoss 

Build Orders: Nexus First 

Get SALT Encoding   

  12  0:01  Probe (Chrono Boost)  
  13  0:12  Probe (Chrono Boost)  
  14  0:18  Pylon  
  14  0:22  Probe (Chrono Boost)  
  15  0:38  Probe (Chrono Boost)  
  17  0:53  Probe (Chrono Boost)  
  17  1:03  Nexus  
  17  1:09  Probe (Chrono Boost)  
  18  1:15  Gateway  
  18  1:20  Probe (Chrono Boost)  
  18  1:23  Assimilator  
  19  1:28  Assimilator  
  19  1:31  Probe (Chrono Boost)  
  20  1:39  Gateway  
  20  1:42  Probe (Chrono Boost)  
  21  1:53  Probe (Chrono Boost)  
  22  2:03  Probe (Chrono Boost)  
  22  2:04  Cybernetics Core  
  23  2:10  Pylon  
  23  2:15  Probe (Chrono Boost)  
  24  2:19  Probe (Chrono Boost)  
  25  2:25  Probe (Chrono Boost)  
  26  2:32  Probe (Chrono Boost)  
  26  2:36  Probe (Chrono Boost)  
  28  2:42  Warp Gate (Chrono Boost)  
  28  2:43  Adept x2 (Chrono Boost)  
  30  2:44  Probe  
  30  2:47  Probe  
  32  2:54  Probe  
  31  3:02  Probe  
  31  3:05  Probe  
  27  3:24  Probe  
  29  3:33  Mothership Core (Chrono Boost)  
  30  3:39  Probe (Chrono Boost)  
  31  3:47  Twilight Council  
  31  3:49  Probe (Chrono Boost)  
  31  3:50  Pylon, Adept x2  
  31  3:52  Probe (Chrono Boost)  
  37  4:00  Probe (Chrono Boost)  
  38  4:03  Probe (Chrono Boost)  
  39  4:11  Probe (Chrono Boost)  
  39  4:13  Probe (Chrono Boost)  
  41  4:17  Adept  
  41  4:18  Adept  
  41  4:21  Probe (Chrono Boost)  
  38  4:24  Resonating Glaives (Chrono Boost), Probe (Chrono Boost)  
  47  4:32  Probe (Chrono Boost)  
  47  4:34  Probe (Chrono Boost), Assimilator  
  47  4:37  Assimilator  
  49  4:41  Pylon  
  49  4:42  Probe (Chrono Boost)  
  50  4:48  Probe  
  50  4:51  Probe  
  51  4:56  Adept  
  51  4:59  Adept  
  56  5:04  Probe  
  57  5:11  Stargate  
  57  5:12  Stargate  
  57  5:14  Probe  
  57  5:16  Probe  
  59  5:25  Probe  
  60  5:28  Probe  
  60  5:30  Nexus  
  60  5:32  Pylon  
  60  5:34  Pylon  
  61  5:35  Probe  
  61  5:41  Probe  
  55  5:53  Probe  
  55  5:55  Probe  
  57  5:58  Oracle (Chrono Boost)  
  57  6:03  Oracle (Chrono Boost)  
  63  6:15  Probe  
  63  6:16  Probe  
  55  6:24  Robotics Facility  
  55  6:28  Probe  
  55  6:29  Forge  
  55  6:30  Phoenix (Chrono Boost)  
  58  6:33  Probe  
  58  6:35  Pylon  
  58  6:38  Phoenix (Chrono Boost)  
  61  6:40  Probe  
  61  6:44  Probe, Stalker  
  61  6:45  Stalker  
  67  6:52  Phoenix (Chrono Boost)  
  71  7:03  Phoenix (Chrono Boost)  
  71  7:19  Probe, Adept  
  71  7:20  Probe x2, Adept  
  78  7:28  Observer, Protoss Ground Armor Level 1  
  78  7:29  Probe  
  74  7:32  Probe  
  74  7:43  Adept x2  
  69  7:48  Probe x2  
  69  7:49  Probe  
  72  7:52  Assimilator  
  72  7:54  Assimilator, Phoenix (Chrono Boost)  
  72  7:57  Phoenix (Chrono Boost)  
  76  7:58  Probe  
  76  7:59  Probe  
  74  8:12  Gateway  
  74  8:13  Gateway  
  74  8:16  Gateway  
  74  8:17  Probe x2  
  74  8:18  Probe  
  77  8:22  Phoenix (Chrono Boost)  
  77  8:23  Adept x2  
  71  8:38  Phoenix (Chrono Boost)  
  71  8:47  Phoenix (Chrono Boost)  
  68  9:00  Phoenix (Chrono Boost)  
  70  9:12  Phoenix (Chrono Boost)  
  70  9:13  Adept x3  
  70  9:14  Adept x2  
  70  9:16  Probe  
  77  9:17  Probe  
  78  9:44  Pylon  
  77  9:46  Pylon  
  77  9:50  Pylon  
  77  9:52  Pylon  
  58  10:00  Stalker x2  
Tags
 
Add a new tag
Caveats
  • Supply blocks, unpowered buildings, or Contaminate may cause inaccurate times.
  • Supply counts are checked every 10 seconds.